 Dungeon Crawl Stone Soup version 0.27-a0-1325-g58a489ad9e (webtiles) character file.

Game seed: 8161279237635071731

10425 27snakeeyes612 the Fighter (level 11, 0/102 HPs)
             Began as a Minotaur Berserker on June 24, 2021.
             Was a High Priest of Trog.
             Shot with an arrow by a centaur (5 damage)
             ... led by a centaur warrior
             ... on level 12 of the Dungeon.
             The game lasted 00:08:26 (14221 turns).

27snakeeyes612 the Fighter (Minotaur Berserker)    Turns: 14221, Time: 00:08:27

Health: 0/102      AC: 19    Str: 26    XL:     11   Next: 36%
Magic:  0/10       EV: 10    Int:  4    God:    Trog [*****.]
Gold:   920        SH:  0    Dex:  9    Spells: 10/10 levels left

rFire    + . .     SeeInvis .   a - +0 hand axe
rCold    . . .     Faith    .   (no shield)
rNeg     . . .     Spirit   +   K - +0 plate armour
rPois    .         Reflect  .   (helmet restricted)
rElec    .         Harm     .   J - +0 cloak
rCorr    .         Rampage  .   s - +0 pair of gloves
Will     +....                  r - +0 pair of boots
Stlth    ..........             n - amulet of guardian spirit
HPRegen  0.27/turn              i - ring of willpower
MPRegen  0.12/turn              m - ring of protection from fire

@: no status effects
A: horns 2, retaliatory headbutt
a: Renounce Religion, Berserk, Trog's Hand, Brothers in Arms


You were on level 12 of the Dungeon.
You worshipped Trog.
Trog was extremely pleased with you.
You visited 1 branch of the dungeon, and saw 12 of its levels.
You also visited: Ossuary.

You collected 920 gold pieces.

Inventory:

Hand Weapons
 a - a +0 hand axe (weapon)
 o - a +3 battleaxe
 t - a +0 morningstar
 F - a +0 war axe
Missiles
 g - 2 throwing nets
 N - 5 atropa-tipped darts
Armour
 b - a +0 animal skin
 j - a +0 ring mail
 r - a +0 pair of boots (worn)
 s - a +0 pair of gloves (worn)
 w - a +0 scale mail
 J - a +0 cloak (worn)
 K - a +0 plate armour (worn)
Jewellery
 i - a ring of willpower (left hand)
 k - a ring of fire
 m - a ring of protection from fire (right hand)
 n - an amulet of guardian spirit (around neck)
 v - an amulet of magic regeneration
 y - a ring of positive energy
 D - a ring of poison resistance
 I - a ring of magical power
Wands
 q - a wand of iceblast (20)
 z - a wand of digging (12)
 C - a wand of polymorph (19)
 E - a wand of charming (11)
 O - a wand of paralysis (4)
Scrolls
 f - 5 scrolls of teleportation
 G - a scroll of fog
 H - 3 scrolls of identify
 M - a scroll of summoning
Potions
 c - a potion of brilliance
 d - 2 potions of mutation
 e - 6 potions of attraction
 h - a potion of degeneration
 l - 3 potions of heal wounds
 p - 4 potions of flight
 u - 6 potions of curing
 x - a potion of berserk rage
 A - a potion of cancellation {unknown}
 B - 3 potions of lignification {unknown}
 L - a potion of haste
 P - a potion of might {unknown}


   Skills:
 + Level 11.3 Fighting
 + Level 11.3 Axes
 + Level 10.9 Armour
 + Level 10.1 Dodging


You had 10 spell levels left.
You didn't know any spells.
Your spell library was empty.

Dungeon Overview and Level Annotations

Branches:
Dungeon (12/15)            Temple (0/1) D:5            Lair (0/6) D:9
Ossuary (visited)
    Orc: D:9-12

Altars:
Ashenzari
Cheibriados
Elyvilon
Fedhas
Gozag
Makhleb
Okawaru
Qazlal
Sif Muna
Trog
Vehumet
Wu Jian
Xom
The Shining One
Beogh

Annotations:
D:4 exclusion: oklob plant
D:7 3 runed translucent doors, Xenoroth's ghost, novice MiBe


Innate Abilities, Weirdness & Mutations

You have a pair of horns on your head.
You reflexively headbutt those who attack you in melee.


Message History

The centaur warrior is lightly wounded.
You hit the centaur.
The centaur warrior hits you but does no damage.
The centaur warrior closely misses you.
The centaur unwields a +2 vorpal shortbow.
The centaur hits you but does no damage.
The centaur misses you.
You hit the centaur. You headbutt the centaur.
The centaur is heavily wounded.
You hit the centaur warrior.
The centaur warrior hits you but does no damage.
The centaur warrior kicks you but does no damage.
The centaur enters a dispersal trap!
The centaur blinks! x2
The centaur warrior blinks!
The centaur blinks! x2
The centaur warrior blinks!
You blink.
The centaur blinks!
The centaur wields a +2 vorpal shortbow.
The centaur shoots an arrow.
The arrow hits you but does no damage.
The centaur warrior wields a +0 shortbow.
The centaur warrior shoots an arrow.
The arrow hits you but does no damage.
The centaur shoots an arrow.
The arrow hits you!
The centaur warrior shoots an arrow.
The arrow hits you!
You are too injured to fight recklessly!
You are too injured to fight recklessly!
You are too injured to fight recklessly!
You are too injured to fight recklessly!
You are too injured to fight recklessly!
You are too injured to fight recklessly!
You are too injured to fight recklessly!
You are too injured to fight recklessly!
You are too injured to fight recklessly!
You are too injured to fight recklessly!
You are too injured to fight recklessly!
The centaur shoots an arrow.
The arrow hits you but does no damage.
The centaur warrior shoots an arrow.
The arrow hits you!
* * * LOW HITPOINT WARNING * * *
The centaur shoots an arrow.
The arrow hits you but does no damage.
The centaur warrior shoots an arrow.
The arrow hits you!!
* * * LOW HITPOINT WARNING * * *
The centaur shoots an arrow.
The arrow hits you.
You die...

#####
#.@.#
##..§#
#....#
#....#
##....#
#c.§.c#
#...###
#.§§#
##..§


You could see a centaur warrior and a centaur.

Vanquished Creatures
  Harold (D:7)
  4 two-headed ogres
  Pikel (D:5)
  3 guardian serpents (D:11)
  An unseen horror (D:10)
  Prince Ribbit (D:7)
  7 yaks
  A wyvern (D:10)
  A steam dragon (D:9)
  2 water moccasins
  Duvessa (D:7)
  5 ice beasts
  A sky beast (D:7)
  A black bear (D:4)
  A necrophage (D:7)
  3 orc warriors
  2 centaurs
  A lemure (D:5)
  A kobold brigand (D:9)
  A phantom (D:6)
  An elf zombie (Ossuary)
  A bullfrog (D:6)
  A wyvern zombie (D:8)
  A scorpion (D:5)
  Dowan (D:7)
  2 gnoll sergeants
  A wyvern skeleton (D:3)
  5 killer bees (D:10)
  11 wights
  2 centaur zombies
  5 orc priests
  A hound (D:4)
  2 human zombies (Ossuary)
  A centaur skeleton (D:6)
  Ijyb (D:3)
  3 iguanas
  6 orc wizards
  4 mummies (Ossuary)
  A hound skeleton (D:4)
  14 gnolls
  7 adders
  3 river rats (D:5)
  A shadow imp (D:7)
  A white imp (D:5)
  An adder zombie (Ossuary)
  An adder skeleton (D:4)
  A worm (D:4)
  3 dart slugs
  24 orcs
  10 endoplasms
  5 giant cockroaches
  A gnoll zombie (Ossuary)
  4 goblins
  5 hobgoblins
  12 jackals
  9 kobolds
  2 quokkas
  8 ball pythons
  5 bats
  5 frilled lizards (D:1)
  2 goblin zombies (Ossuary)
  A hobgoblin zombie (Ossuary)
  2 jackal zombies (Ossuary)
  An orc zombie (Ossuary)
  A quokka zombie (D:8)
  6 rats
  2 rat zombies
226 creatures vanquished.

Vanquished Creatures (others)
  4 fungi (D:4)
  19 plants (D:4)
  13 toadstools (D:4)
36 creatures vanquished.

Grand Total: 262 creatures vanquished

Notes
Turn   | Place    | Note
-------+----------+-------------------------------------------
     0 | D:1      | 27snakeeyes612 the Minotaur Berserker began the quest for
                  | the Orb.
     0 | D:1      | Reached XP level 1. HP: 19/19 MP: 0/0
   111 | D:1      | Reached XP level 2. HP: 26/27 MP: 1/1
   482 | D:1      | Found a faded altar of an unknown god.
   786 | D:1      | Reached XP level 3. HP: 33/33 MP: 2/2
  1186 | D:2      | Reached XP level 4. HP: 41/41 MP: 3/3
  1189 | D:2      | Reached ** piety under Trog
  1633 | D:2      | Reached XP level 5. HP: 24/47 MP: 4/4
  1930 | D:2      | Found a shimmering altar of Xom.
  2620 | D:3      | Reached skill level 5 in Fighting
  2620 | D:3      | Reached skill level 5 in Axes
  2834 | D:3      | Noticed Ijyb
  2841 | D:3      | Killed Ijyb
  3256 | D:4      | Noticed a water moccasin
  3264 | D:4      | Killed a water moccasin
  3265 | D:4      | Reached XP level 6. HP: 56/56 MP: 3/5
  3400 | D:4      | Reached *** piety under Trog
  3534 | D:4      | Found a blossoming altar of Fedhas.
  3572 | D:4      | Noticed an oklob plant
  3912 | D:4      | Reached XP level 7. HP: 62/62 MP: 6/6
  3962 | D:4      | Found an iron altar of Okawaru.
  3963 | D:4      | Found a bloodstained altar of Trog.
  4024 | D:4      | Found an opulent altar of Gozag.
  4024 | D:4      | Found a glowing golden altar of the Shining One.
  4025 | D:4      | Found a burning altar of Makhleb.
  4460 | D:5      | Entered Level 5 of the Dungeon
  4479 | D:5      | Noticed Pikel
  4505 | D:5      | Reached skill level 5 in Armour
  4650 | D:5      | Killed Pikel
  4651 | D:5      | Reached skill level 5 in Dodging
  4651 | D:5      | Reached XP level 8. HP: 71/71 MP: 7/7
  4870 | D:5      | You fall into a shaft and drop 1 floor!
  5405 | D:5      | Found a staircase to the Ecumenical Temple.
  5475 | D:5      | Found a white marble altar of Elyvilon.
  6744 | D:7      | Reached **** piety under Trog
  6760 | D:7      | Reached XP level 9. HP: 37/81 MP: 0/8
  7076 | D:7      | Noticed Dowan
  7077 | D:7      | Noticed Duvessa
  7084 | D:7      | Killed Duvessa
  7086 | D:7      | Killed Dowan
  7182 | D:7      | Noticed Harold
  7203 | D:7      | Killed Harold
  7884 | D:7      | Noticed Prince Ribbit
  8184 | D:7      | Found a runed translucent gate.
  8184 | D:7      | Identified the +5 chain mail "Diabel" {+Blink +Inv Fly
                  | Stlth-}
  8184 | D:7      | Noticed Xenoroth's ghost (novice MiBe)
  8185 | D:7      | Found a runed translucent gate.
  8186 | D:7      | Found a runed translucent gate.
  8493 | D:7      | Killed Prince Ribbit
  8929 | D:8      | Reached XP level 10. HP: 91/91 MP: 9/9
  9139 | D:8      | Found a sand-covered staircase.
  9146 | Ossuary  | Entered an ossuary
  9737 | D:8      | Found a stormy altar of Qazlal.
  9738 | D:8      | Found a radiant altar of Vehumet.
 10153 | D:9      | Reached ***** piety under Trog
 10428 | D:9      | Noticed a two-headed ogre
 10437 | D:9      | Killed a two-headed ogre
 10438 | D:9      | Reached skill level 10 in Fighting
 10438 | D:9      | Reached skill level 10 in Axes
 11085 | D:9      | Found a snail-covered altar of Cheibriados.
 11101 | D:9      | Found a staircase to the Lair.
 11117 | D:9      | Found an ornate altar of the Wu Jian Council.
 11351 | D:9      | Found a shimmering blue altar of Sif Muna.
 11405 | D:10     | Entered Level 10 of the Dungeon
 11884 | D:10     | Reached skill level 10 in Armour
 12322 | D:10     | Found a broken altar of Ashenzari.
 12521 | D:11     | Noticed a two-headed ogre
 12529 | D:11     | Killed a two-headed ogre
 12553 | D:11     | Reached XP level 11. HP: 59/101 MP: 7/10
 12889 | D:11     | Noticed a two-headed ogre
 12890 | D:11     | Noticed a two-headed ogre
 12897 | D:11     | Killed a two-headed ogre
 12904 | D:11     | Killed a two-headed ogre
 13082 | D:11     | Reached skill level 10 in Dodging
 14212 | D:12     | Noticed a centaur warrior
 14221 | D:12     | HP: 5/102 [centaur warrior/arrow (20)]
 14221 | D:12     | Shot with an arrow by a centaur

Illustrated notes

Levels and vault maps discovered:
D:1:      dpeg_arrival_solitude, layout_loops_ring,
          shapermc_ecumenical_altar_venn, minmay_tetromino_s2
D:2:      layout_loops_ring, basic_altar
D:3:      layout_basic, st_stairs_13, uniq_ijyb
D:4:      layout_basic, grunt_temple_overflow_bloody_war, tgw_fedhas,
          gammafunk_temple_overflow_claw
D:5:      layout_basic, nicolae_overflow_crystal_walls,
          minmay_temple_entry_antechambers, gup_sewer_entry_spiral,
          minivault_19, uniq_pikel
D:6:      layout_gridville
D:7:      layout_loops_corners, biasface_ghost_orc_armoury, uniq_duvessa,
          uniq_prince_ribbit1, uniq_harold
D:8:      layout_loops_ring, gammafunk_temple_overflow_statue, enter_ossuary_4
D:9:      layout_irregular_city, kennysheep_mini_moat, led_sif_pool,
          general_overflow_altar
D:10:     layout_rooms, lemuel_round_altar, kennysheep_generic_room_14
D:11:     nrook_guardian_serpent_snake_passage, layout_loops_ring,
          nrook_guardian_serpent_ordinary
D:12:     layout_cross, david_orc_4

Skill      XL: |  1  2  3  4  5  6  7  8  9 10 11 |
---------------+----------------------------------+-----
Axes           | 4 5 6 8 9 10 11 | 11.3
Fighting       | 4 5 6 8 9 10 11 | 11.3
Armour         | 3 4 5 7 8 10 | 10.9
Dodging        | 3 4 5 6 8 9 10 | 10.1

Action                   |  1- 3 |  4- 6 |  7- 9 | 10-12 || total
-------------------------+-------+-------+-------+-------++-------
Melee: Hand axe          |    47 |   120 |   267 |   335 ||   769
       Headbutt          |     9 |    31 |    51 |    82 ||   173
Invok: Berserk           |       |     4 |     8 |     7 ||    19
       Trog's Hand       |       |       |       |     2 ||     2
  Use: Scroll            |       |       |    14 |     3 ||    17
       Potion            |       |       |     1 |       ||     1
Armor: Animal skin       |    12 |     1 |       |       ||    13
       Ring mail         |       |    34 |       |       ||    34
       Scale mail        |       |       |    71 |    67 ||   138
       Plate armour      |       |       |       |   164 ||   164
Dodge: Dodged            |    44 |    84 |   119 |   156 ||   403

Table legend: (Time is in decaauts)
 A = Elapsed time spent in this place.
 B = Non-inter-level travel time spent in this place.
 C = Inter-level travel time spent in this place.
 D = Time resting spent in this place.
 E = Time spent auto-exploring this place.
 F = Levels seen in this place.
 G = Mean time per level.
                   A        B        C        D        E       F      G
               +--------+--------+--------+--------+--------+-----+--------+
         Total |  14353 |  13740 |    613 |   1688 |  10511 |  13 | 1104.1 |
       Dungeon |  14001 |  13388 |    613 |   1688 |  10254 |  12 | 1166.8 |
       Ossuary |    351 |    351 |      0 |      0 |    257 |   1 |  351.0 |
               +--------+--------+--------+--------+--------+-----+--------+

Top non-repeatable levels by time:
     D:7: 1907 daAuts
    D:11: 1737 daAuts
     D:6: 1321 daAuts
     D:8: 1291 daAuts
     D:4: 1250 daAuts
     D:2: 1242 daAuts
     D:5: 1095 daAuts
    D:10: 1078 daAuts
     D:1: 1066 daAuts
     D:9: 1039 daAuts
     D:3: 958 daAuts
 Ossuary: 351 daAuts
    D:12: 12 daAuts
